 Dungeon Crawl Stone Soup version 0.30-a0-578-gdee14c521f (webtiles) character file.

Game seed: 14939301488657314381

4505 wormed the Covert (level 10, -2/53 HPs)
             Began as a Spriggan Hunter on Jan 1, 2023.
             Was an Elder of Okawaru.
             Slain by a hornet (12 damage)
             ... on level 9 of the Dungeon.
             The game lasted 00:11:53 (8681 turns).

wormed the Covert (Spriggan Hunter)                 Turns: 8681, Time: 00:11:54

Health: -2/53      AC:  3    Str:  7    XL:     10   Next: 16%
Magic:  0/11       EV: 25    Int: 17    God:    Okawaru [****..]
Gold:   408        SH:  0    Dex: 23    Spells: 9/9 levels left

rFire   + . .      SeeInvis +    a - +0 shortbow
rCold   + + .      Faith    .    (shield currently unavailable)
rNeg    . . .      Spirit   +    t - +1 robe {rC+}
rPois   .          Reflect  .    (helmet restricted)
rElec   .          Harm     .    v - scarf {rC+ rF+}
rCorr   .          Rampage  .    (gloves unavailable)
Will    +....                    (boots unavailable)
Stlth   +++++                    j - amulet of guardian spirit
HPRegen 0.28/turn                g - ring of flight
MPRegen 0.12/turn                s - +6 ring of intelligence

@: lethally poisoned (-2 -> -13), flying, slowed, quick
A: very small, no large weapons, unfitting armour, see invisible, speed 3
a: Renounce Religion, Heroism, Finesse


You were on level 9 of the Dungeon.
You worshipped Okawaru.
Okawaru was greatly pleased with you.
You visited 2 branches of the dungeon, and saw 10 of its levels.

You collected 448 gold pieces.
You spent 40 gold pieces at shops.

Inventory:

Hand Weapons
 a - a +0 shortbow (weapon)
Armour
 t - a +1 robe of cold resistance (worn)
 v - a scarf of resistance (worn)
Jewellery
 g - a ring of flight (left hand)
 j - an amulet of guardian spirit (around neck)
 s - a +6 ring of intelligence (right hand)
Wands
 w - a wand of flame (11) (quivered)
Scrolls
 b - 2 scrolls of immolation
 e - a scroll of vulnerability
 h - 7 scrolls of teleportation
 l - a scroll of enchant armour
 n - a scroll of amnesia
 q - 7 scrolls of identify
 r - a scroll of magic mapping
Potions
 c - a potion of lignification {unknown}
 d - a potion of resistance
 f - 3 potions of might
 i - 3 potions of degeneration {unknown}
 k - 2 potions of haste {unknown}
 m - 2 potions of curing {unknown}
 o - a potion of brilliance {unknown}
 p - 3 potions of berserk rage {unknown}
 x - 2 potions of heal wounds


   Skills:
 + Level 5.8 Fighting
 * Level 10.3 Ranged Weapons
 + Level 9.1 Dodging
 + Level 10.4 Stealth


You had 9 spell levels left.
You didn't know any spells.
Your spell library contained the following spells:

 Spells                   Type           Power      Damage    Failure   Level
 Kiss of Death            Conj/Necr      0%         2d5       24%         1
 Sting                    Tmut/Pois      0%         1d3       24%         1
 Poisonous Vapours        Pois/Air       0%         N/A       34%         2
 Confusing Touch          Hex            0%         N/A       56%         3
 Ignite Poison            Fire/Tmut/Pois 0%         N/A       56%         3
 Kindle Blastsparks       Fire/Tloc/Air  0%         2d10      56%         3
 Dispel Undead            Necr           0%         3d6       93%         4
 Olgreb's Toxic Radiance  Pois           0%         N/A       93%         4
 Sticky Flame             Conj/Fire      0%         2d3       93%         4
 Freezing Cloud           Conj/Ice/Air   0%         6-21      100%        5
 Ignition                 Fire           0%         3d3       100%        8


Dungeon Overview and Level Annotations

Branches:
Dungeon (9/15)             Temple (1/1) D:5
   Lair: D:8-11         Orc: D:9-12

Altars:
Ashenzari
Dithmenos
Elyvilon
Fedhas
Gozag
Hepliaklqana
Kikubaaqudgha
Makhleb
Nemelex Xobeh
Okawaru
Qazlal
Ru
Sif Muna
Trog
Wu Jian
Xom
Zin
The Shining One

Shops:
D:2 ?

Annotations:
D:8 1 runed translucent door, ojifijod's ghost, novice MiFi


Innate Abilities, Weirdness & Mutations

You are very small and have problems with some larger weapons.
You are too small for most types of armour.
You have supernaturally acute eyesight. (SInv)
You cover ground extremely quickly. (Speed+++)


Message History

You shoot an arrow. The arrow barely misses the hornet.
The hornet completely misses you. x2
You shoot an arrow. The arrow hits the hornet.
The hornet is heavily wounded.
The hornet misses you.
You shoot an arrow. The arrow hits the hornet.
The hornet is heavily wounded.
The hornet misses you. The hornet stings you!
You suddenly lose the ability to move!
The hornet stings you!
You feel yourself slow down.
You feel yourself speed up.
The hornet stings you but does no damage.
The hornet stings you!
You are poisoned.
You feel yourself slow down.
You can move again.
Aiming: Throw Flame
Press: ? - help, Q - select action, (/) - cycle Shift-Dir - straight line, f/p - hornet
Aim: a hornet (heavily wounded, 52% to hit)
The puff of flame hits the hornet!
The hornet is almost dead.
You feel very sick. The hornet completely misses you.
The hornet barely misses you.
Aiming: Throw Flame
Press: ? - help, Q - select action, (/) - cycle Shift-Dir - straight line, f/p - hornet
Aim: a hornet (almost dead, 52% to hit)
The puff of flame hits the hornet.
The hornet is almost dead.
You feel sick. The hornet barely misses you. The hornet stings you!
* * * LOW HITPOINT WARNING * * *
You are lethally poisoned!
You feel as though you will be slow longer.
Aiming: Throw Flame
Press: ? - help, Q - select action, (/) - cycle Shift-Dir - straight line, f/p - hornet
Aim: a hornet (almost dead, 52% to hit)
The puff of flame misses the hornet.
* * * LOW HITPOINT WARNING * * *
You feel very sick. The hornet stings you!
You die...

.# .## ##
#... #.
..### $.
#.... #.
##...# #.
###..+
#y#####...#
#.@.......#
#..#####.##
#..# #.#
#..#####.#
#........#
##.#####.#
#># #.##
#.# #..#
#..##


You could see a hornet.

Vanquished Creatures
  A two-headed ogre (D:6)
  Psyche (D:8)
  A troll (D:7)
  Sigmund (D:5)
  A shadow (D:8)
  A wyvern (D:8)
  A wraith (D:9)
  A steam dragon (D:7)
  Menkaure (D:7)
  Edmund (D:5)
  A water moccasin (D:8)
  A black bear (D:6)
  4 orc warriors
  An ice beast (D:7)
  An ogre (D:6)
  A centaur (D:9)
  3 phantoms
  4 scorpions
  4 bullfrogs
  2 howler monkeys
  3 hounds
  5 orc priests
  2 jellies (D:6)
  A gnoll bouda (D:5)
  12 orc wizards
  An iguana (D:7)
  4 gnolls (D:5)
  6 adders
  A white imp (D:5)
  4 dart slugs
  27 orcs
  5 bats
  2 endoplasms
  3 giant cockroaches
  4 goblins
  3 hobgoblins
  3 jackals (D:2)
  3 kobolds
  3 quokkas
  7 ball pythons
  A frilled lizard (D:1)
  5 rats
137 creatures vanquished.

Notes
Turn   | Place    | Note
-------+----------+-------------------------------------------
     0 | D:1      | wormed the Spriggan Hunter began the quest for the Orb.
     0 | D:1      | Reached XP level 1. HP: 10/10 MP: 2/2
   482 | D:1      | Reached XP level 2. HP: 15/15 MP: 3/3
  1116 | D:2      | Found Vodufiud's Magic Scroll Shop.
  1121 | D:2      | Bought 2 scrolls of identify for 40 gold pieces
  1259 | D:2      | Reached XP level 3. HP: 18/18 MP: 4/4
  1483 | D:3      | Reached XP level 4. HP: 23/23 MP: 5/5
  1990 | D:3      | Found a faded altar of an unknown god.
  2310 | D:3      | Reached skill level 5 in Ranged Weapons
  2333 | D:3      | Found a hazy altar of Hepliaklqana.
  2334 | D:3      | Found a faded altar of an unknown god.
  2370 | D:4      | Reached XP level 5. HP: 25/27 MP: 6/6
  2899 | D:4      | Reached XP level 6. HP: 32/32 MP: 7/7
  3247 | D:5      | Entered Level 5 of the Dungeon
  3837 | D:5      | Reached skill level 5 in Stealth
  3851 | D:5      | Found a staircase to the Ecumenical Temple.
  3870 | D:5      | Reached skill level 5 in Dodging
  4150 | D:5      | Reached XP level 7. HP: 33/36 MP: 8/8
  4315 | Temple   | Entered the Ecumenical Temple
  4320 | Temple   | Became a worshipper of Warmaster Okawaru
  4531 | D:5      | Noticed Sigmund
  4574 | D:5      | Killed Sigmund
  4665 | D:5      | Noticed Edmund
  4756 | D:5      | Killed Edmund
  4951 | D:6      | Reached XP level 8. HP: 42/42 MP: 9/9
  4973 | D:6      | Identified the +2 spear of Joyful Slaughter {venom, +Blink
                  | Fly rPois Str+4}
  5358 | D:6      | Reached * piety under Okawaru
  5430 | D:6      | Noticed a two-headed ogre
  5543 | D:6      | Killed a two-headed ogre
  5543 | D:6      | Reached ** piety under Okawaru
  5744 | D:6      | Reached XP level 9. HP: 33/46 MP: 6/10
  6182 | D:7      | Noticed Menkaure
  6316 | D:7      | Found a sacrificial altar of Ru.
  6435 | D:7      | Found a shimmering altar of Xom.
  6438 | D:7      | Found a shimmering blue altar of Sif Muna.
  6439 | D:7      | Found a shadowy altar of Dithmenos.
  6634 | D:7      | Reached skill level 5 in Fighting
  6853 | D:7      | Killed Menkaure
  6988 | D:7      | Noticed a troll
  7171 | D:7      | Found an opulent altar of Gozag.
  7325 | D:7      | Killed a troll
  7435 | D:8      | Reached *** piety under Okawaru
  7730 | D:8      | Found a white marble altar of Elyvilon.
  7969 | D:8      | Noticed Psyche
  7983 | D:8      | Reached skill level 10 in Stealth
  8064 | D:8      | Found a runed translucent door.
  8065 | D:8      | Noticed ojifijod's ghost (novice MiFi)
  8138 | D:9      | Reached skill level 10 in Ranged Weapons
  8199 | D:8      | Reached XP level 10. HP: 52/52 MP: 11/11
  8331 | D:8      | Killed Psyche
  8331 | D:8      | Reached **** piety under Okawaru
  8676 | D:9      | Paralysed by a hornet for 3 turns
  8681 | D:9      | Slain by a hornet

Illustrated notes

Levels and vault maps discovered:
D:1:      evilmike_arrival_plus, layout_loops_corners, minmay_hedge_maze
D:2:      layout_loops_cross, serial_shops, nicolae_shop_hallway_plus,
          minmay_misc_feat_iff
D:3:      layout_rooms, beargit_hepliaklqana_dungeon_heroes,
          serial_co_window_serial, co_window_paths_b, co_window_paths_b,
          co_window_paths_b, co_window_paths_b, co_window_corner_a,
          co_window_paths_a, co_window_paths_a, co_window_corner_cb,
          co_window_broadway_c, co_window_broadway_b, co_window_broadway_a,
          co_window_2corner, co_window_corner_b, glass_columns_a,
          glass_columns_a, nicolae_ecumenical_oubliette,
          kennysheep_generic_room_11
D:4:      layout_loops_corners
D:5:      layout_layer_cave, minmay_temple_entry_stoned_glass,
          sigmund_edmund_badplayer, uniq_edmund
D:6:      layout_basic, chequers_arboretum, grunt_decor_junction,
          kennysheep_generic_room_2
D:7:      layout_rooms, grunt_temple_overflow_open,
          mainiacjoe_overflow_alcove_4, uniq_menkaure
D:8:      layout_gridville, kennysheep_little_box, gammafunk_ghost_grave,
          uniq_psyche
D:9:      layout_loops_ring, mainiacjoe_overflow_big_doors,
          erik_lair_orcish_takeover, hellmonk_guarded_unrand_staff_of_battle
Temple:   minmay_freezing_vapour_temple

Skill      XL: |  1  2  3  4  5  6  7  8  9 10 |
---------------+-------------------------------+-----
Stealth        | 2 3 4 5 6 8 10 | 10.4
Dodging        | 3 4 5 6 7 8 9 |  9.1
Fighting       | 2 3 4 5 |  5.8
Ranged Weapons | 5 6 7 8 10 | 10.3

Action                   |  1- 3 |  4- 6 |  7- 9 | 10-12 || total
-------------------------+-------+-------+-------+-------++-------
 Fire: Shortbow          |    63 |   140 |   445 |    46 ||   694
Evoke: Wand              |       |       |       |     3 ||     3
  Use: Scroll            |     2 |     5 |     4 |       ||    11
Armor: Robe              |       |       |     6 |     2 ||     8
Dodge: Dodged            |    17 |    37 |   124 |    19 ||   197

Table legend: (Time is in decaauts)
 A = Elapsed time spent in this place.
 B = Non-inter-level travel time spent in this place.
 C = Inter-level travel time spent in this place.
 D = Time resting spent in this place.
 E = Time spent auto-exploring this place.
 F = Levels seen in this place.
 G = Mean time per level.
                   A        B        C        D        E       F      G
               +--------+--------+--------+--------+--------+-----+--------+
         Total |   6194 |   6017 |    177 |     95 |   4362 |  10 |  619.4 |
       Dungeon |   6182 |   6005 |    177 |     95 |   4362 |   9 |  686.9 |
        Temple |     11 |     11 |      0 |      0 |      0 |   1 |   11.0 |
               +--------+--------+--------+--------+--------+-----+--------+

Top non-repeatable levels by time:
     D:6: 1181 daAuts
     D:5: 1019 daAuts
     D:8: 777 daAuts
     D:7: 768 daAuts
     D:4: 682 daAuts
     D:3: 645 daAuts
     D:1: 538 daAuts
     D:2: 346 daAuts
     D:9: 223 daAuts
  Temple: 11 daAuts
